[ AOE2 MATCH · #473239385 ]
UnrankedGoths vs Dravidians
[ REPLAY ANALYSIS · EXTRACTED FROM THE RECORDED GAME ]
Feudal
10:17
Castle
14:32
Imperial
32:22
| APM avg | 49.0 |
| APM peak | 87 |
| eAPM avg | 27.0 |
| Villagers / military | 169 / 118 |
Focus
⚔️ 27.4% · 🌾 72.6%
Huskarl ×89 · Spearman ×20 · Monk ×9
Feudal
10:55
Castle
14:27
Imperial
26:51
| APM avg | 46.1 |
| APM peak | 89 |
| eAPM avg | 31.4 |
| Villagers / military | 172 / 124 |
Focus
⚔️ 38.9% · 🌾 61.1%
Cavalry Archer ×56 · Skirmisher ×43 · Battering Ram ×24 · Monk ×1
Feudal
11:21
Castle
14:54
Imperial
29:42
| APM avg | 51.3 |
| APM peak | 89 |
| eAPM avg | 27.2 |
| Villagers / military | 173 / 85 |
Focus
⚔️ 33.2% · 🌾 66.8%
Elephant Archer ×46 · Scout Cavalry ×21 · Spearman ×9 · Mangonel ×6 · Armored Elephant ×2 · Monk ×1
Feudal
11:58
Castle
15:10
Imperial
29:55
| APM avg | 45.2 |
| APM peak | 77 |
| eAPM avg | 23.1 |
| Villagers / military | 145 / 86 |
Focus
⚔️ 24.9% · 🌾 75.1%
Ballista Elephant ×28 · Scout Cavalry ×22 · Battle Elephant ×20 · Monk ×5 · Trebuchet (Packed) ×5 · Petard ×3
Feudal
12:11
Castle
16:06
Imperial
33:04
| APM avg | 43.8 |
| APM peak | 77 |
| eAPM avg | 22.9 |
| Villagers / military | 167 / 137 |
Focus
⚔️ 32.5% · 🌾 67.5%
Hand Cannoneer ×118 · Mangonel ×5 · Hussite Wagon ×5 · Monk ×4 · Bombard Cannon ×2 · Trebuchet (Packed) ×2
Feudal
10:09
Castle
13:47
Imperial
28:29
| APM avg | 38.4 |
| APM peak | 81 |
| eAPM avg | 19.3 |
| Villagers / military | 141 / 109 |
Focus
⚔️ 23.2% · 🌾 76.8%
Hand Cannoneer ×55 · Spearman ×24 · Skirmisher ×20 · Leitis ×4 · Monk ×3 · Bombard Cannon ×2
Feudal
8:51
Castle
20:41
Imperial
32:51
| APM avg | 46.3 |
| APM peak | 90 |
| eAPM avg | 30.5 |
| Villagers / military | 133 / 135 |
Focus
⚔️ 40.2% · 🌾 59.8%
Spearman ×122 · Militia ×3 · Mangonel ×3 · Battering Ram ×3 · Monk ×2 · Trebuchet (Packed) ×2
Feudal
—
Castle
—
Imperial
—
| APM avg | 27.0 |
| APM peak | 71 |
| eAPM avg | 13.7 |
| Villagers / military | 93 / 61 |
Focus
⚔️ 26.5% · 🌾 73.5%
Conquistador ×49 · Hand Cannoneer ×8 · Petard ×2 · Bombard Cannon ×2
Match map
Initial resources + every placement click. Lines = walls · curves = elevation contours. ◆ gold · ⬟ stone · ● berries · ✦ relic · ◌ wall gap
Your base· ✓ Closed at 14:32 · 0t walls · 3 gate(s)
Evan's base· ✓ Closed at 14:27 · 0t walls · 3 gate(s)
Lord Aubergine's base· ✓ Closed at 14:54 · 0t walls · 2 gate(s)
Heyfai's base· ✓ Closed at 15:10 · 3t walls · 2 gate(s)
caterpie's base· ✓ Closed at 16:06 · 2t walls · 3 gate(s)
BCPrattIV's base· ✓ Closed at 13:47 · 0t walls · 3 gate(s)
s56460688's base· ✓ Closed at 20:41 · 9t walls · 2 gate(s)
Nubsinc's base· ✓ Closed at 12:36 · 0t walls · 2 gate(s)
Smoothed initial terrain · ◌ = detected wall gap · hover for details
Inputs per minute
— _Kev_ - - Evan
Build order — _Kev_
First 150 of 432 actions detected
| 0:02 | Build | House |
| 0:03 | Build | House |
| 0:04 | Create | Villager (Male) |
| 0:04 | Create | Villager (Male) |
| 0:08 | Create | Villager (Male) |
| 0:08 | Create | Villager (Male) |
| 0:08 | Create | Villager (Male) |
| 0:08 | Create | Villager (Male) |
| 1:28 | Create | Villager (Male) |
| 1:28 | Create | Villager (Male) |
| 1:28 | Create | Villager (Male) |
| 1:48 | Build | Lumber Camp |
| 2:08 | Create | Villager (Male) |
| 2:09 | Create | Villager (Male) |
| 2:19 | Create | Villager (Male) |
| 2:19 | Create | Villager (Male) |
| 2:53 | Create | Villager (Male) |
| 2:53 | Create | Villager (Male) |
| 3:26 | Create | Villager (Male) |
| 3:27 | Create | Villager (Male) |
| 3:28 | Create | Villager (Male) |
| 3:28 | Create | Villager (Male) |
| 3:34 | Build | House |
| 3:37 | Build | House |
| 4:15 | Create | Villager (Male) |
| 4:15 | Create | Villager (Male) |
| 4:21 | Build | Mill |
| 4:46 | Create | Villager (Male) |
| 4:47 | Create | Villager (Male) |
| 5:11 | Create | Villager (Male) |
| 5:11 | Create | Villager (Male) |
| 5:11 | Create | Villager (Male) |
| 5:44 | Create | Villager (Male) |
| 5:44 | Create | Villager (Male) |
| 6:01 | Create | Villager (Male) |
| 6:46 | Create | Villager (Male) |
| 6:47 | Create | Villager (Male) |
| 6:47 | Create | Villager (Male) |
| 7:03 | Create | Villager (Male) |
| 7:23 | Build | Mining Camp |
| 8:07 | Research | Feudal Age |
| 8:07 | Research | Feudal Age |
| 8:48 | Build | House |
| 8:59 | Build | Farm |
| 10:04 | Build | Farm |
| 10:17 | Age | Feudal Age |
| 10:20 | Build | Market |
| 10:22 | Build | Blacksmith |
| 10:25 | Create | Villager (Male) |
| 10:25 | Create | Villager (Male) |
| 10:36 | Create | Villager (Male) |
| 11:52 | Research | Castle Age |
| 11:52 | Research | Castle Age |
| 11:57 | Build | Farm |
| 11:58 | Build | Farm |
| 12:20 | Build | Farm |
| 12:46 | Build | Farm |
| 12:47 | Build | Farm |
| 12:55 | Research | Horse Collar |
| 12:55 | Research | Horse Collar |
| 13:27 | Research | Double-Bit Axe |
| 13:27 | Research | Double-Bit Axe |
| 14:32 | Age | Castle Age |
| 14:37 | Create | Villager (Male) |
| 14:37 | Create | Villager (Male) |
| 14:55 | Research | Wheelbarrow |
| 15:06 | Create | Villager (Male) |
| 15:25 | Build | Town Center |
| 15:37 | Create | Villager (Male) |
| 16:03 | Build | Monastery |
| 16:46 | Create | Monk |
| 16:46 | Create | Monk |
| 16:58 | Create | Villager (Male) |
| 16:58 | Create | Villager (Male) |
| 17:00 | Research | Heavy Plow |
| 17:00 | Research | Heavy Plow |
| 17:06 | Create | Villager (Male) |
| 17:07 | Create | Villager (Male) |
| 17:07 | Create | Villager (Male) |
| 17:23 | Create | Villager (Male) |
| 17:35 | Build | Castle |
| 17:43 | Create | Villager (Male) |
| 17:44 | Create | Villager (Male) |
| 18:02 | Create | Villager (Male) |
| 18:07 | Build | House |
| 18:08 | Build | House |
| 18:14 | Build | House |
| 18:24 | Create | Monk |
| 18:25 | Create | Monk |
| 18:44 | Create | Villager (Male) |
| 18:45 | Create | Villager (Male) |
| 18:45 | Create | Villager (Male) |
| 18:45 | Create | Villager (Male) |
| 19:08 | Create | Villager (Male) |
| 19:08 | Create | Villager (Male) |
| 19:08 | Create | Villager (Male) |
| 19:14 | Build | Town Center |
| 19:36 | Create | Villager (Male) |
| 19:36 | Create | Villager (Male) |
| 19:40 | Build | Farm |
| 19:41 | Build | Farm |
| 19:47 | Create | Villager (Male) |
| 19:51 | Build | Farm |
| 20:03 | Build | Farm |
| 20:09 | Create | Villager (Male) |
| 20:14 | Build | Farm |
| 20:19 | Create | Villager (Male) |
| 20:19 | Create | Villager (Male) |
| 20:24 | Build | Farm |
| 20:45 | Build | Farm |
| 20:45 | Build | Farm |
| 20:50 | Create | Villager (Male) |
| 20:50 | Create | Villager (Male) |
| 20:50 | Create | Villager (Male) |
| 21:08 | Create | Villager (Male) |
| 21:08 | Create | Villager (Male) |
| 21:12 | Build | Farm |
| 21:12 | Build | Farm |
| 21:13 | Build | Farm |
| 21:13 | Build | Farm |
| 21:22 | Create | Villager (Male) |
| 21:23 | Create | Villager (Male) |
| 21:23 | Create | Villager (Male) |
| 21:43 | Build | House |
| 21:45 | Build | House |
| 21:47 | Build | House |
| 21:49 | Build | House |
| 21:51 | Build | House |
| 21:54 | Create | Villager (Male) |
| 21:55 | Create | Villager (Male) |
| 21:55 | Create | Villager (Male) |
| 21:55 | Create | Villager (Male) |
| 21:55 | Create | Villager (Male) |
| 22:08 | Create | Monk |
| 22:16 | Build | House |
| 22:20 | Create | Monk |
| 22:22 | Create | Huskarl |
| 22:22 | Create | Huskarl |
| 22:22 | Create | Huskarl |
| 22:45 | Create | Huskarl |
| 22:45 | Create | Huskarl |
| 22:46 | Create | Monk |
| 22:46 | Create | Monk |
| 22:50 | Research | Loom |
| 22:50 | Research | Loom |
| 23:26 | Create | Villager (Male) |
| 23:26 | Create | Villager (Male) |
| 23:26 | Create | Villager (Male) |
| 23:26 | Create | Villager (Male) |
| 23:43 | Create | Monk |
Build order — Evan
First 150 of 480 actions detected
| 0:00 | Create | Villager (Male) |
| 0:00 | Create | Villager (Male) |
| 0:01 | Create | Villager (Male) |
| 0:01 | Create | Villager (Male) |
| 1:25 | Create | Villager (Male) |
| 1:25 | Create | Villager (Male) |
| 1:49 | Create | Villager (Male) |
| 1:49 | Create | Villager (Male) |
| 1:59 | Create | Villager (Male) |
| 2:09 | Build | Lumber Camp |
| 2:34 | Create | Villager (Male) |
| 2:35 | Create | Villager (Male) |
| 3:06 | Create | Villager (Male) |
| 3:06 | Create | Villager (Male) |
| 3:40 | Create | Villager (Male) |
| 3:40 | Create | Villager (Male) |
| 3:40 | Create | Villager (Male) |
| 3:41 | Create | Villager (Male) |
| 4:19 | Create | Villager (Male) |
| 4:40 | Create | Villager (Male) |
| 4:41 | Build | Mill |
| 4:42 | Create | Villager (Male) |
| 4:43 | Create | Villager (Male) |
| 5:03 | Create | Villager (Male) |
| 5:03 | Create | Villager (Male) |
| 6:03 | Create | Villager (Male) |
| 6:04 | Create | Villager (Male) |
| 6:04 | Create | Villager (Male) |
| 6:47 | Build | Farm |
| 6:47 | Build | Farm |
| 7:40 | Create | Villager (Male) |
| 7:40 | Create | Villager (Male) |
| 8:27 | Research | Feudal Age |
| 8:27 | Research | Feudal Age |
| 9:23 | Build | Farm |
| 9:24 | Build | Farm |
| 9:50 | Create | Villager (Male) |
| 9:50 | Create | Villager (Male) |
| 10:33 | Build | Farm |
| 10:36 | Build | Farm |
| 10:55 | Age | Feudal Age |
| 10:57 | Build | Market |
| 10:59 | Build | Blacksmith |
| 11:07 | Research | Double-Bit Axe |
| 11:07 | Research | Double-Bit Axe |
| 11:47 | Research | Castle Age |
| 11:48 | Research | Castle Age |
| 12:13 | Research | Horse Collar |
| 12:13 | Research | Horse Collar |
| 12:13 | Research | Horse Collar |
| 12:30 | Build | Farm |
| 13:41 | Create | Villager (Male) |
| 14:27 | Age | Castle Age |
| 14:29 | Build | Town Center |
| 14:32 | Research | Bow Saw |
| 14:32 | Research | Bow Saw |
| 14:34 | Research | Heavy Plow |
| 14:35 | Research | Heavy Plow |
| 14:51 | Create | Villager (Male) |
| 14:56 | Build | Town Center |
| 15:10 | Create | Villager (Male) |
| 15:15 | Build | Farm |
| 15:16 | Build | Farm |
| 15:20 | Build | Farm |
| 15:25 | Build | Farm |
| 15:31 | Create | Villager (Male) |
| 15:33 | Build | Lumber Camp |
| 15:56 | Create | Villager (Male) |
| 16:02 | Build | Farm |
| 16:04 | Create | Villager (Male) |
| 16:11 | Build | Farm |
| 16:11 | Build | Farm |
| 16:21 | Create | Villager (Male) |
| 16:29 | Create | Villager (Male) |
| 16:35 | Create | Villager (Male) |
| 16:44 | Research | Wheelbarrow |
| 16:44 | Research | Wheelbarrow |
| 16:50 | Create | Villager (Male) |
| 16:59 | Create | Villager (Male) |
| 17:10 | Build | Farm |
| 17:14 | Build | Farm |
| 17:17 | Create | Villager (Male) |
| 17:21 | Create | Villager (Male) |
| 17:34 | Create | Villager (Male) |
| 17:44 | Build | Town Center |
| 17:48 | Create | Villager (Male) |
| 17:54 | Build | Farm |
| 17:56 | Create | Villager (Male) |
| 18:06 | Build | Farm |
| 18:06 | Build | Farm |
| 18:06 | Build | Farm |
| 18:09 | Create | Villager (Male) |
| 18:15 | Build | Farm |
| 18:19 | Create | Villager (Male) |
| 18:19 | Create | Villager (Male) |
| 18:23 | Build | Farm |
| 18:27 | Create | Villager (Male) |
| 18:27 | Create | Villager (Male) |
| 18:37 | Build | Farm |
| 18:40 | Create | Villager (Male) |
| 18:45 | Build | Farm |
| 18:47 | Create | Villager (Male) |
| 18:48 | Create | Villager (Male) |
| 18:52 | Build | Farm |
| 18:52 | Build | Farm |
| 18:53 | Build | Farm |
| 18:55 | Create | Villager (Male) |
| 18:55 | Create | Villager (Male) |
| 18:56 | Create | Villager (Male) |
| 18:57 | Build | Farm |
| 18:58 | Build | Farm |
| 19:00 | Create | Villager (Male) |
| 19:00 | Create | Villager (Male) |
| 19:01 | Build | Farm |
| 19:08 | Create | Villager (Male) |
| 19:08 | Create | Villager (Male) |
| 19:15 | Build | Farm |
| 19:15 | Build | Farm |
| 19:15 | Build | Farm |
| 19:15 | Build | Farm |
| 19:19 | Build | Farm |
| 19:19 | Build | Farm |
| 19:20 | Create | Villager (Male) |
| 19:31 | Create | Villager (Male) |
| 19:34 | Create | Villager (Male) |
| 19:39 | Create | Villager (Male) |
| 19:40 | Create | Villager (Male) |
| 19:44 | Create | Villager (Male) |
| 19:48 | Build | Monastery |
| 19:57 | Create | Villager (Male) |
| 19:58 | Build | Farm |
| 19:59 | Create | Villager (Male) |
| 20:04 | Build | Farm |
| 20:04 | Build | Farm |
| 20:08 | Create | Villager (Male) |
| 20:10 | Build | Farm |
| 20:11 | Create | Villager (Male) |
| 20:12 | Create | Villager (Male) |
| 20:16 | Create | Villager (Male) |
| 20:22 | Build | Farm |
| 20:23 | Create | Villager (Male) |
| 20:30 | Create | Monk |
| 20:33 | Build | Farm |
| 20:34 | Create | Villager (Male) |
| 20:37 | Build | Farm |
| 20:39 | Create | Villager (Male) |
| 20:43 | Create | Villager (Male) |
| 20:45 | Build | Farm |
| 20:50 | Create | Villager (Male) |
| 20:54 | Create | Villager (Male) |
Build order — Lord Aubergine
First 150 of 440 actions detected
| 0:01 | Create | Villager (Male) |
| 0:01 | Create | Villager (Male) |
| 0:02 | Build | House |
| 0:03 | Build | House |
| 0:07 | Create | Villager (Male) |
| 0:07 | Create | Villager (Male) |
| 1:30 | Create | Villager (Male) |
| 1:51 | Build | Lumber Camp |
| 1:57 | Create | Villager (Male) |
| 1:57 | Create | Villager (Male) |
| 1:58 | Create | Villager (Male) |
| 2:23 | Create | Villager (Male) |
| 3:14 | Create | Villager (Male) |
| 3:14 | Create | Villager (Male) |
| 3:44 | Create | Villager (Male) |
| 3:50 | Build | House |
| 3:51 | Build | House |
| 3:51 | Build | House |
| 4:27 | Create | Villager (Male) |
| 4:28 | Create | Villager (Male) |
| 4:36 | Build | Mill |
| 4:48 | Create | Villager (Male) |
| 4:48 | Create | Villager (Male) |
| 5:20 | Create | Villager (Male) |
| 5:21 | Create | Villager (Male) |
| 5:21 | Create | Villager (Male) |
| 5:21 | Create | Villager (Male) |
| 5:32 | Create | Villager (Male) |
| 5:32 | Create | Villager (Male) |
| 6:35 | Build | Farm |
| 6:36 | Build | Farm |
| 6:59 | Create | Villager (Male) |
| 7:32 | Create | Villager (Male) |
| 7:33 | Create | Villager (Male) |
| 7:42 | Create | Villager (Male) |
| 7:42 | Create | Villager (Male) |
| 7:42 | Create | Villager (Male) |
| 7:42 | Create | Villager (Male) |
| 7:42 | Create | Villager (Male) |
| 7:48 | Create | Villager (Male) |
| 7:48 | Create | Villager (Male) |
| 7:48 | Create | Villager (Male) |
| 8:50 | Build | Mining Camp |
| 9:00 | Research | Feudal Age |
| 9:40 | Build | Barracks |
| 9:56 | Create | Villager (Male) |
| 9:56 | Create | Villager (Male) |
| 10:23 | Build | Farm |
| 11:21 | Age | Feudal Age |
| 11:22 | Build | Market |
| 11:28 | Build | Stable |
| 11:46 | Research | Double-Bit Axe |
| 11:49 | Build | Farm |
| 12:08 | Build | House |
| 12:14 | Research | Castle Age |
| 12:14 | Research | Castle Age |
| 12:33 | Research | Horse Collar |
| 12:36 | Build | Farm |
| 12:39 | Build | Farm |
| 12:42 | Build | Farm |
| 12:48 | Build | Farm |
| 13:08 | Build | Farm |
| 13:12 | Create | Scout Cavalry |
| 13:41 | Create | Scout Cavalry |
| 13:59 | Create | Scout Cavalry |
| 14:15 | Create | Scout Cavalry |
| 14:17 | Create | Villager (Male) |
| 14:36 | Create | Scout Cavalry |
| 14:54 | Age | Castle Age |
| 14:58 | Research | Light Cavalry (upgrade) |
| 14:58 | Research | Light Cavalry (upgrade) |
| 15:22 | Create | Scout Cavalry |
| 15:26 | Build | Farm |
| 15:36 | Create | Villager (Male) |
| 15:42 | Build | Town Center |
| 15:55 | Create | Villager (Male) |
| 15:58 | Build | Farm |
| 16:06 | Build | Town Center |
| 16:08 | Build | House |
| 16:20 | Build | House |
| 16:21 | Build | House |
| 16:22 | Create | Villager (Male) |
| 16:59 | Create | Villager (Male) |
| 17:02 | Create | Scout Cavalry |
| 17:02 | Create | Scout Cavalry |
| 17:35 | Create | Scout Cavalry |
| 17:36 | Create | Villager (Male) |
| 17:36 | Create | Villager (Male) |
| 17:41 | Build | Farm |
| 17:41 | Build | Farm |
| 17:43 | Build | Farm |
| 17:43 | Build | Farm |
| 17:43 | Build | Farm |
| 17:43 | Build | Farm |
| 17:43 | Build | Farm |
| 17:46 | Create | Villager (Male) |
| 18:01 | Build | House |
| 18:02 | Build | House |
| 18:03 | Create | Villager (Male) |
| 18:07 | Build | Farm |
| 18:09 | Build | Farm |
| 18:13 | Build | Farm |
| 18:15 | Build | Farm |
| 18:18 | Build | Farm |
| 18:29 | Create | Villager (Male) |
| 18:38 | Create | Villager (Male) |
| 18:38 | Create | Villager (Male) |
| 18:42 | Create | Villager (Male) |
| 18:42 | Create | Villager (Male) |
| 18:42 | Create | Villager (Male) |
| 18:56 | Create | Villager (Male) |
| 19:00 | Create | Villager (Male) |
| 19:09 | Build | House |
| 19:11 | Create | Villager (Male) |
| 19:12 | Create | Villager (Male) |
| 19:12 | Create | Villager (Male) |
| 19:17 | Research | Bow Saw |
| 19:17 | Research | Bow Saw |
| 19:34 | Create | Villager (Male) |
| 19:34 | Create | Villager (Male) |
| 19:39 | Build | Farm |
| 19:42 | Build | Farm |
| 19:45 | Build | Farm |
| 19:46 | Create | Villager (Male) |
| 19:46 | Create | Villager (Male) |
| 19:50 | Build | House |
| 19:51 | Create | Villager (Male) |
| 19:58 | Create | Villager (Male) |
| 19:58 | Create | Villager (Male) |
| 20:08 | Create | Villager (Male) |
| 20:17 | Build | Monastery |
| 20:18 | Create | Villager (Male) |
| 20:30 | Create | Villager (Male) |
| 20:30 | Create | Villager (Male) |
| 20:30 | Create | Villager (Male) |
| 20:31 | Create | Villager (Male) |
| 20:40 | Create | Scout Cavalry |
| 21:03 | Create | Villager (Male) |
| 21:03 | Create | Villager (Male) |
| 21:04 | Create | Monk |
| 21:07 | Create | Villager (Male) |
| 21:10 | Build | House |
| 21:10 | Build | House |
| 21:11 | Create | Villager (Male) |
| 21:11 | Create | Villager (Male) |
| 21:11 | Create | Villager (Male) |
| 21:22 | Build | Town Center |
| 21:25 | Create | Villager (Male) |
| 21:25 | Create | Villager (Male) |
| 21:35 | Create | Villager (Male) |
Build order — Heyfai
First 150 of 437 actions detected
| 0:02 | Create | Villager (Male) |
| 0:02 | Create | Villager (Male) |
| 0:03 | Build | House |
| 0:04 | Build | House |
| 0:08 | Create | Villager (Male) |
| 0:08 | Create | Villager (Male) |
| 1:26 | Create | Villager (Male) |
| 1:27 | Create | Villager (Male) |
| 1:52 | Build | Lumber Camp |
| 2:05 | Create | Villager (Male) |
| 2:06 | Create | Villager (Male) |
| 2:06 | Create | Villager (Male) |
| 2:59 | Create | Villager (Male) |
| 2:59 | Create | Villager (Male) |
| 3:34 | Create | Villager (Male) |
| 3:54 | Build | House |
| 4:09 | Create | Villager (Male) |
| 4:17 | Create | Villager (Male) |
| 4:17 | Create | Villager (Male) |
| 4:18 | Create | Villager (Male) |
| 4:27 | Build | House |
| 4:29 | Build | House |
| 5:11 | Build | House |
| 5:24 | Create | Villager (Male) |
| 5:24 | Create | Villager (Male) |
| 5:57 | Build | Mill |
| 6:01 | Create | Villager (Male) |
| 6:01 | Create | Villager (Male) |
| 6:14 | Create | Villager (Male) |
| 6:15 | Create | Villager (Male) |
| 6:47 | Build | House |
| 6:50 | Build | House |
| 6:55 | Build | Palisade Wall |
| 6:57 | Build | Palisade Wall |
| 6:59 | Build | Palisade Wall |
| 7:18 | Create | Villager (Male) |
| 7:19 | Create | Villager (Male) |
| 7:25 | Build | Mill |
| 7:55 | Create | Villager (Male) |
| 8:11 | Create | Villager (Male) |
| 8:32 | Build | House |
| 8:35 | Create | Villager (Male) |
| 9:00 | Create | Villager (Male) |
| 9:34 | Research | Feudal Age |
| 9:34 | Research | Feudal Age |
| 10:23 | Build | House |
| 10:52 | Build | House |
| 11:58 | Age | Feudal Age |
| 12:30 | Research | Castle Age |
| 12:30 | Research | Castle Age |
| 12:36 | Build | House |
| 12:42 | Build | House |
| 13:12 | Research | Double-Bit Axe |
| 13:12 | Research | Double-Bit Axe |
| 13:31 | Build | Farm |
| 13:31 | Build | Farm |
| 13:32 | Build | Farm |
| 13:33 | Research | Horse Collar |
| 13:34 | Research | Horse Collar |
| 14:16 | Create | Villager (Male) |
| 14:40 | Build | House |
| 14:44 | Build | House |
| 14:56 | Build | House |
| 15:04 | Build | House |
| 15:10 | Age | Castle Age |
| 15:12 | Create | Villager (Male) |
| 15:21 | Build | Town Center |
| 15:38 | Create | Villager (Male) |
| 15:41 | Research | Wheelbarrow |
| 15:49 | Build | Monastery |
| 16:02 | Create | Villager (Male) |
| 16:06 | Build | Town Center |
| 16:15 | Research | Bow Saw |
| 16:17 | Build | Farm |
| 16:20 | Build | Farm |
| 16:21 | Build | Farm |
| 16:21 | Build | Farm |
| 16:21 | Build | Farm |
| 16:21 | Build | Farm |
| 16:24 | Create | Villager (Male) |
| 16:29 | Create | Monk |
| 16:47 | Build | Farm |
| 16:47 | Build | Farm |
| 16:47 | Build | Farm |
| 16:48 | Build | Farm |
| 16:48 | Build | Farm |
| 16:56 | Create | Villager (Male) |
| 17:07 | Create | Villager (Male) |
| 17:28 | Create | Villager (Male) |
| 17:35 | Create | Villager (Male) |
| 17:46 | Create | Monk |
| 17:47 | Create | Villager (Male) |
| 18:07 | Create | Villager (Male) |
| 18:08 | Create | Villager (Male) |
| 18:14 | Build | Farm |
| 18:20 | Build | Farm |
| 18:22 | Create | Villager (Male) |
| 18:25 | Build | Farm |
| 18:27 | Create | Villager (Male) |
| 18:33 | Build | Farm |
| 18:34 | Build | Farm |
| 18:38 | Create | Villager (Male) |
| 18:48 | Create | Villager (Male) |
| 18:52 | Build | Farm |
| 18:52 | Build | Farm |
| 18:52 | Build | Farm |
| 18:54 | Create | Villager (Male) |
| 19:03 | Build | House |
| 19:04 | Build | House |
| 19:04 | Build | House |
| 19:08 | Create | Villager (Male) |
| 19:09 | Create | Monk |
| 19:16 | Create | Villager (Male) |
| 19:21 | Create | Villager (Male) |
| 19:33 | Create | Villager (Male) |
| 19:40 | Create | Villager (Male) |
| 19:48 | Create | Villager (Male) |
| 19:57 | Create | Villager (Male) |
| 20:04 | Create | Villager (Male) |
| 20:12 | Create | Villager (Male) |
| 20:15 | Create | Villager (Male) |
| 20:29 | Create | Villager (Male) |
| 20:40 | Create | Villager (Male) |
| 20:56 | Create | Villager (Male) |
| 21:03 | Create | Villager (Male) |
| 21:06 | Create | Monk |
| 21:18 | Create | Villager (Male) |
| 21:23 | Build | Town Center |
| 21:26 | Create | Villager (Male) |
| 21:31 | Create | Villager (Male) |
| 21:34 | Build | Farm |
| 21:35 | Build | Farm |
| 21:36 | Create | Villager (Male) |
| 21:37 | Create | Monk |
| 21:38 | Create | Villager (Male) |
| 21:42 | Build | Siege Workshop |
| 21:48 | Build | Siege Workshop |
| 21:50 | Create | Villager (Male) |
| 21:53 | Create | Villager (Male) |
| 21:55 | Build | Farm |
| 21:55 | Create | Villager (Male) |
| 22:06 | Build | House |
| 22:07 | Build | House |
| 22:08 | Create | Scorpion |
| 22:14 | Research | Loom |
| 22:14 | Research | Loom |
| 22:18 | Create | Villager (Male) |
| 22:20 | Create | Villager (Male) |
| 22:26 | Create | Scorpion |
| 22:31 | Create | Villager (Male) |
Build order — caterpie
First 150 of 397 actions detected
| 0:01 | Create | Villager (Male) ×4 |
| 0:04 | Build | House |
| 0:05 | Build | House |
| 1:24 | Create | Villager (Male) |
| 2:03 | Create | Villager (Male) |
| 2:03 | Create | Villager (Male) |
| 2:10 | Build | Lumber Camp |
| 2:18 | Create | Villager (Male) |
| 3:00 | Create | Villager (Male) |
| 3:33 | Create | Villager (Male) |
| 3:33 | Create | Villager (Male) |
| 3:51 | Build | House |
| 3:52 | Build | House |
| 4:20 | Create | Villager (Male) |
| 4:55 | Build | House |
| 4:56 | Create | Villager (Male) |
| 4:56 | Create | Villager (Male) |
| 4:58 | Create | Villager (Male) |
| 4:58 | Create | Villager (Male) |
| 5:05 | Create | Villager (Male) |
| 5:07 | Build | Mill |
| 5:30 | Create | Villager (Male) |
| 5:59 | Create | Villager (Male) |
| 5:59 | Create | Villager (Male) |
| 6:16 | Create | Villager (Male) |
| 6:22 | Build | Mining Camp |
| 6:23 | Create | Villager (Male) |
| 6:23 | Create | Villager (Male) |
| 7:07 | Create | Villager (Male) |
| 7:38 | Create | Villager (Male) |
| 7:38 | Create | Villager (Male) |
| 8:36 | Build | Farm |
| 8:37 | Build | Farm |
| 8:39 | Build | Farm |
| 9:21 | Research | Feudal Age |
| 9:24 | Build | House |
| 9:26 | Build | House |
| 9:29 | Build | House |
| 9:31 | Research | Loom |
| 9:32 | Research | Feudal Age |
| 9:33 | Create | Villager (Male) |
| 10:10 | Build | House |
| 10:44 | Build | House |
| 11:04 | Create | Villager (Male) |
| 11:29 | Create | Villager (Male) |
| 12:11 | Age | Feudal Age |
| 12:13 | Build | Blacksmith |
| 12:16 | Build | Market |
| 12:32 | Build | Watch Tower |
| 13:19 | Research | Castle Age |
| 13:19 | Research | Castle Age |
| 13:32 | Build | Mining Camp |
| 14:00 | Create | Villager (Male) |
| 14:05 | Research | Double-Bit Axe |
| 14:11 | Create | Villager (Male) |
| 14:11 | Create | Villager (Male) |
| 14:28 | Research | Horse Collar |
| 14:31 | Build | Farm |
| 14:32 | Build | Farm |
| 14:50 | Build | Stone Wall |
| 14:54 | Build | Stone Wall |
| 14:55 | Create | Villager (Male) |
| 15:51 | Create | Villager (Male) |
| 16:06 | Age | Castle Age |
| 16:13 | Build | Town Center |
| 16:18 | Build | Stone Wall |
| 16:20 | Build | Stone Wall |
| 16:57 | Create | Villager (Male) |
| 17:04 | Build | Monastery |
| 17:26 | Create | Villager (Male) |
| 17:38 | Create | Monk |
| 17:42 | Build | Town Center |
| 18:04 | Create | Villager (Male) |
| 18:04 | Create | Villager (Male) |
| 18:05 | Create | Villager (Male) |
| 18:18 | Create | Villager (Male) |
| 18:45 | Create | Monk |
| 18:51 | Create | Villager (Male) |
| 19:00 | Create | Monk |
| 19:02 | Build | Farm |
| 19:12 | Build | Farm |
| 19:13 | Build | Farm |
| 19:14 | Build | Farm |
| 19:16 | Build | Farm |
| 19:17 | Build | Farm |
| 19:17 | Build | Farm |
| 19:18 | Build | Farm |
| 19:18 | Build | Farm |
| 19:18 | Create | Villager (Male) |
| 19:23 | Build | Farm |
| 19:41 | Build | Farm |
| 19:42 | Build | Farm |
| 19:49 | Create | Villager (Male) |
| 19:55 | Build | Farm |
| 20:07 | Create | Monk |
| 20:08 | Create | Villager (Male) |
| 20:27 | Build | Siege Workshop |
| 20:27 | Create | Villager (Male) |
| 20:33 | Create | Villager (Male) |
| 20:37 | Build | Farm |
| 20:39 | Create | Villager (Male) |
| 20:50 | Create | Villager (Male) |
| 21:01 | Create | Mangonel |
| 21:03 | Create | Villager (Male) |
| 21:04 | Create | Villager (Male) |
| 21:08 | Create | Villager (Male) |
| 21:08 | Create | Villager (Male) |
| 21:26 | Create | Villager (Male) |
| 21:31 | Create | Villager (Male) |
| 21:34 | Create | Villager (Male) |
| 21:44 | Create | Villager (Male) |
| 21:45 | Create | Villager (Male) |
| 21:57 | Create | Villager (Male) |
| 22:02 | Create | Villager (Male) |
| 22:03 | Create | Villager (Male) |
| 22:07 | Create | Villager (Male) |
| 22:16 | Create | Villager (Male) |
| 22:23 | Build | House |
| 22:23 | Build | House |
| 22:32 | Create | Villager (Male) |
| 22:36 | Build | Farm |
| 22:37 | Build | Farm |
| 22:38 | Create | Villager (Male) |
| 22:41 | Build | House |
| 22:42 | Build | House |
| 22:43 | Build | House |
| 22:50 | Create | Villager (Male) |
| 22:51 | Create | Villager (Male) |
| 22:56 | Create | Villager (Male) |
| 23:03 | Build | Farm |
| 23:03 | Create | Villager (Male) |
| 23:04 | Create | Villager (Male) |
| 23:10 | Create | Villager (Male) |
| 23:11 | Create | Villager (Male) |
| 23:17 | Create | Mangonel |
| 23:20 | Create | Villager (Male) |
| 23:24 | Build | Farm |
| 23:35 | Create | Villager (Male) |
| 23:35 | Create | Villager (Male) |
| 23:40 | Create | Villager (Male) |
| 23:40 | Create | Villager (Male) |
| 23:45 | Build | Farm |
| 23:53 | Research | Bow Saw |
| 23:59 | Create | Villager (Male) |
| 23:59 | Create | Villager (Male) |
| 24:05 | Build | Farm |
| 24:06 | Create | Villager (Male) |
| 24:13 | Create | Villager (Male) |
| 24:15 | Create | Mangonel |
| 24:18 | Create | Villager (Male) |
Build order — BCPrattIV
First 150 of 358 actions detected
| 0:03 | Build | House |
| 0:04 | Create | Villager (Male) |
| 0:05 | Build | House |
| 0:20 | Create | Villager (Male) |
| 0:20 | Create | Villager (Male) |
| 0:20 | Create | Villager (Male) |
| 0:20 | Create | Villager (Male) |
| 0:29 | Create | Villager (Male) |
| 0:29 | Create | Villager (Male) |
| 1:40 | Create | Villager (Male) |
| 2:06 | Build | Lumber Camp |
| 2:32 | Create | Villager (Male) |
| 3:17 | Create | Villager (Male) |
| 3:38 | Build | House |
| 3:41 | Create | Villager (Male) |
| 3:41 | Create | Villager (Male) |
| 4:12 | Build | Mill |
| 4:35 | Create | Villager (Male) |
| 5:00 | Create | Villager (Male) |
| 5:23 | Build | House |
| 5:26 | Create | Villager (Male) |
| 5:31 | Create | Villager (Male) |
| 6:15 | Create | Villager (Male) |
| 6:44 | Create | Villager (Male) |
| 6:51 | Build | Mining Camp |
| 7:01 | Create | Villager (Male) |
| 7:12 | Create | Villager (Male) |
| 7:36 | Research | Feudal Age |
| 9:30 | Create | Villager (Male) |
| 9:31 | Create | Villager (Male) |
| 10:09 | Age | Feudal Age |
| 10:13 | Build | Market |
| 10:16 | Build | Blacksmith |
| 10:45 | Build | Lumber Camp |
| 11:07 | Research | Castle Age |
| 12:11 | Build | House |
| 12:33 | Research | Double-Bit Axe |
| 13:42 | Create | Villager (Male) |
| 13:42 | Create | Villager (Male) |
| 13:42 | Create | Villager (Male) |
| 13:47 | Age | Castle Age |
| 13:50 | Build | Monastery |
| 13:56 | Build | Town Center |
| 14:04 | Build | Town Center |
| 14:45 | Create | Villager (Male) |
| 14:49 | Create | Monk |
| 14:51 | Build | House |
| 14:53 | Build | House |
| 14:54 | Build | House |
| 14:56 | Build | House |
| 15:05 | Build | Farm |
| 15:05 | Build | Farm |
| 15:06 | Build | Farm |
| 15:16 | Build | Farm |
| 15:19 | Create | Villager (Male) |
| 15:23 | Build | Farm |
| 15:27 | Build | Farm |
| 15:30 | Create | Villager (Male) |
| 16:01 | Create | Villager (Male) |
| 16:01 | Create | Villager (Male) |
| 16:01 | Create | Villager (Male) |
| 16:18 | Create | Villager (Male) |
| 16:21 | Build | Farm |
| 16:21 | Build | Farm |
| 16:21 | Build | Farm |
| 16:24 | Build | Farm |
| 16:24 | Build | Farm |
| 16:34 | Build | Farm |
| 16:37 | Create | Villager (Male) |
| 16:38 | Create | Villager (Male) |
| 16:41 | Build | Farm |
| 16:41 | Build | Farm |
| 17:05 | Create | Villager (Male) |
| 17:06 | Create | Villager (Male) |
| 17:06 | Create | Villager (Male) |
| 17:09 | Build | Farm |
| 17:12 | Build | Farm |
| 17:14 | Create | Villager (Male) |
| 17:16 | Build | Farm |
| 17:20 | Build | Farm |
| 17:44 | Create | Villager (Male) |
| 17:47 | Build | Farm |
| 17:47 | Create | Villager (Male) |
| 17:48 | Create | Villager (Male) |
| 17:53 | Build | Farm |
| 17:53 | Build | Farm |
| 17:54 | Build | Farm |
| 17:58 | Create | Villager (Male) |
| 18:03 | Build | Farm |
| 18:04 | Create | Villager (Male) |
| 18:19 | Create | Monk |
| 18:20 | Create | Villager (Male) |
| 18:23 | Build | Farm |
| 18:25 | Create | Villager (Male) |
| 18:25 | Create | Villager (Male) |
| 18:28 | Build | House |
| 18:34 | Build | Farm |
| 18:34 | Build | Farm |
| 18:34 | Build | Farm |
| 18:39 | Create | Villager (Male) |
| 18:41 | Create | Villager (Male) |
| 18:46 | Create | Villager (Male) |
| 18:48 | Build | Farm |
| 19:13 | Create | Villager (Male) |
| 19:13 | Create | Villager (Male) |
| 19:14 | Create | Villager (Male) |
| 19:14 | Create | Villager (Male) |
| 19:16 | Create | Monk |
| 19:30 | Build | Farm |
| 19:30 | Build | Farm |
| 19:33 | Build | Farm |
| 19:33 | Build | Farm |
| 19:44 | Create | Villager (Male) |
| 19:44 | Create | Villager (Male) |
| 19:48 | Create | Villager (Male) |
| 19:49 | Create | Villager (Male) |
| 19:52 | Build | Farm |
| 19:53 | Build | Farm |
| 19:53 | Build | Farm |
| 19:56 | Build | House |
| 19:59 | Build | House |
| 20:00 | Build | House |
| 20:20 | Build | House |
| 20:30 | Create | Villager (Male) |
| 20:32 | Build | Farm |
| 20:34 | Create | Villager (Male) |
| 20:35 | Build | Farm |
| 20:39 | Create | Villager (Male) |
| 20:39 | Create | Villager (Male) |
| 20:40 | Create | Villager (Male) |
| 20:40 | Create | Villager (Male) |
| 20:59 | Build | House |
| 21:06 | Create | Villager (Male) |
| 21:08 | Build | Farm |
| 21:08 | Build | Farm |
| 21:10 | Build | Farm |
| 21:11 | Build | Farm |
| 21:12 | Create | Villager (Male) |
| 21:12 | Create | Villager (Male) |
| 21:12 | Create | Villager (Male) |
| 21:13 | Create | Villager (Male) |
| 21:17 | Build | House |
| 21:18 | Build | House |
| 21:26 | Create | Villager (Male) |
| 21:29 | Research | Wheelbarrow |
| 21:54 | Create | Villager (Male) |
| 21:54 | Create | Villager (Male) |
| 21:55 | Create | Villager (Male) |
| 21:57 | Build | Farm |
| 21:58 | Build | Farm |
Build order — s56460688
First 150 of 399 actions detected
| 0:01 | Create | Villager (Male) |
| 0:02 | Build | House |
| 0:02 | Build | House |
| 0:07 | Create | Villager (Male) |
| 0:07 | Create | Villager (Male) |
| 0:07 | Create | Villager (Male) |
| 1:23 | Create | Villager (Male) |
| 1:23 | Create | Villager (Male) |
| 1:50 | Build | Lumber Camp |
| 1:58 | Create | Villager (Male) |
| 1:58 | Create | Villager (Male) |
| 1:59 | Create | Villager (Male) |
| 2:11 | Create | Villager (Male) |
| 2:11 | Create | Villager (Male) |
| 2:11 | Create | Villager (Male) |
| 2:43 | Create | Villager (Male) |
| 2:44 | Create | Villager (Male) |
| 2:59 | Create | Villager (Male) |
| 2:59 | Create | Villager (Male) |
| 3:41 | Create | Villager (Male) |
| 3:48 | Build | House |
| 3:58 | Create | Villager (Male) |
| 4:24 | Create | Villager (Male) |
| 4:51 | Create | Villager (Male) |
| 5:13 | Create | Villager (Male) |
| 5:29 | Build | Barracks |
| 5:50 | Create | Villager (Male) |
| 6:08 | Research | Loom |
| 6:40 | Research | Feudal Age |
| 6:40 | Research | Feudal Age |
| 6:51 | Build | Mill |
| 7:06 | Create | Militia |
| 7:28 | Create | Militia |
| 7:49 | Create | Militia |
| 8:16 | Create | Villager (Male) |
| 8:22 | Build | House |
| 8:35 | Build | Palisade Wall |
| 8:43 | Build | House |
| 8:47 | Create | Villager (Male) |
| 8:51 | Age | Feudal Age |
| 8:53 | Research | Double-Bit Axe |
| 9:06 | Research | Man-at-Arms (upgrade) |
| 9:15 | Build | Watch Tower |
| 9:19 | Create | Villager (Male) |
| 9:41 | Create | Villager (Male) |
| 10:06 | Create | Villager (Male) |
| 10:23 | Create | Villager (Male) |
| 10:51 | Create | Villager (Male) |
| 11:11 | Research | Horse Collar |
| 11:19 | Create | Villager (Male) |
| 11:19 | Create | Villager (Male) |
| 11:41 | Build | House |
| 11:44 | Build | Farm |
| 11:47 | Build | Farm |
| 11:49 | Build | Farm |
| 11:50 | Build | Farm |
| 11:56 | Create | Villager (Male) |
| 11:57 | Create | Villager (Male) |
| 12:00 | Build | Farm |
| 12:01 | Build | Farm |
| 12:02 | Build | Farm |
| 12:09 | Build | House |
| 12:15 | Build | Farm |
| 12:19 | Build | Farm |
| 12:32 | Create | Villager (Male) |
| 12:47 | Create | Villager (Male) |
| 13:09 | Create | Villager (Male) |
| 13:12 | Build | Stone Wall |
| 13:12 | Build | Stone Wall |
| 13:12 | Build | Stone Wall |
| 13:13 | Build | Stone Wall |
| 13:13 | Build | Stone Wall |
| 13:14 | Build | Stone Wall |
| 13:14 | Build | Stone Wall |
| 13:32 | Create | Villager (Male) |
| 13:34 | Build | Farm |
| 13:53 | Create | Villager (Male) |
| 13:56 | Build | Market |
| 14:05 | Build | Mining Camp |
| 14:33 | Build | House |
| 14:34 | Create | Villager (Male) |
| 14:58 | Create | Spearman |
| 15:06 | Create | Villager (Male) |
| 15:14 | Create | Villager (Male) |
| 15:44 | Create | Villager (Male) |
| 16:12 | Build | Mining Camp |
| 16:17 | Create | Villager (Male) |
| 16:26 | Build | House |
| 16:28 | Build | House |
| 16:33 | Build | House |
| 16:45 | Create | Villager (Male) |
| 17:01 | Create | Villager (Male) |
| 17:03 | Build | Blacksmith |
| 17:32 | Create | Villager (Male) |
| 17:36 | Build | Palisade Wall |
| 17:58 | Research | Castle Age |
| 18:02 | Build | Lumber Camp |
| 18:10 | Build | Watch Tower |
| 19:56 | Create | Villager (Male) |
| 20:02 | Create | Spearman |
| 20:02 | Create | Spearman |
| 20:02 | Create | Spearman |
| 20:09 | Build | Barracks |
| 20:25 | Create | Spearman |
| 20:41 | Age | Castle Age |
| 20:45 | Build | Town Center |
| 20:48 | Create | Spearman |
| 20:49 | Research | Bow Saw |
| 20:52 | Create | Spearman |
| 20:53 | Create | Spearman |
| 21:00 | Create | Villager (Male) |
| 21:03 | Build | Town Center |
| 21:12 | Create | Villager (Male) |
| 21:16 | Create | Spearman |
| 21:24 | Create | Villager (Male) |
| 21:29 | Create | Villager (Male) |
| 21:38 | Build | Siege Workshop |
| 21:39 | Create | Villager (Male) |
| 21:42 | Research | Pikeman (upgrade) |
| 21:56 | Create | Villager (Male) |
| 22:13 | Create | Villager (Male) |
| 22:22 | Create | Mangonel |
| 22:26 | Build | House |
| 22:26 | Create | Villager (Male) |
| 22:39 | Create | Villager (Male) |
| 22:42 | Build | Farm |
| 22:42 | Build | Farm |
| 22:43 | Build | Farm |
| 22:54 | Create | Villager (Male) |
| 23:01 | Build | House |
| 23:09 | Create | Villager (Male) |
| 23:24 | Create | Battering Ram |
| 23:25 | Create | Villager (Male) |
| 23:29 | Build | Town Center |
| 23:42 | Create | Villager (Male) |
| 23:50 | Build | Farm |
| 23:54 | Create | Villager (Male) |
| 24:07 | Create | Villager (Male) |
| 24:09 | Research | Wheelbarrow |
| 24:14 | Build | Farm |
| 24:15 | Build | Farm |
| 24:19 | Build | Farm |
| 24:19 | Create | Villager (Male) |
| 24:29 | Build | Farm |
| 24:29 | Build | Farm |
| 24:31 | Build | Farm |
| 24:35 | Create | Villager (Male) |
| 24:44 | Create | Villager (Male) |
| 24:49 | Create | Mangonel |
| 24:51 | Create | Villager (Male) |
Build order — Nubsinc
First 150 of 245 actions detected
| 0:02 | Create | Villager (Male) |
| 0:03 | Create | Villager (Male) |
| 0:03 | Create | Villager (Male) |
| 0:03 | Create | Villager (Male) |
| 0:07 | Build | House |
| 0:10 | Build | House |
| 1:22 | Create | Villager (Male) |
| 1:22 | Create | Villager (Male) |
| 2:05 | Create | Villager (Male) |
| 2:05 | Create | Villager (Male) |
| 2:31 | Create | Villager (Male) |
| 2:31 | Create | Villager (Male) |
| 2:43 | Build | Lumber Camp |
| 2:57 | Create | Villager (Male) |
| 2:57 | Create | Villager (Male) |
| 3:01 | Build | House |
| 3:02 | Build | House |
| 3:21 | Create | Villager (Male) |
| 3:22 | Create | Villager (Male) |
| 3:22 | Create | Villager (Male) |
| 3:33 | Create | Villager (Male) |
| 3:34 | Create | Villager (Male) |
| 4:32 | Create | Villager (Male) |
| 4:32 | Create | Villager (Male) |
| 4:32 | Create | Villager (Male) |
| 4:44 | Create | Villager (Male) |
| 4:44 | Create | Villager (Male) |
| 4:44 | Create | Villager (Male) |
| 5:42 | Build | Mining Camp |
| 5:58 | Create | Villager (Male) |
| 5:58 | Create | Villager (Male) |
| 5:58 | Create | Villager (Male) |
| 6:27 | Create | Villager (Male) |
| 6:30 | Build | Mill |
| 6:31 | Create | Villager (Male) |
| 6:31 | Create | Villager (Male) |
| 7:22 | Build | House |
| 7:50 | Build | Farm |
| 7:57 | Create | Villager (Male) |
| 8:08 | Build | Farm |
| 8:20 | Create | Villager (Male) |
| 8:31 | Create | Villager (Male) |
| 8:35 | Build | Mining Camp |
| 9:22 | Build | Farm |
| 9:23 | Research | Feudal Age |
| 9:40 | Build | Farm |
| 10:44 | Create | Villager (Male) |
| 10:45 | Create | Villager (Male) |
| 11:42 | Build | Blacksmith |
| 11:54 | Build | Market |
| 12:36 | Research | Castle Age |
| 13:20 | Research | Double-Bit Axe |
| 13:26 | Research | Horse Collar |
| 14:25 | Research | Gold Mining |
| 15:19 | Build | Castle |
| 15:21 | Create | Villager (Male) |
| 15:22 | Create | Villager (Male) |
| 15:22 | Create | Villager (Male) |
| 15:35 | Build | Town Center |
| 15:49 | Build | Farm |
| 15:52 | Create | Villager (Male) |
| 16:04 | Create | Villager (Male) |
| 16:14 | Build | Farm |
| 16:20 | Research | Wheelbarrow |
| 16:29 | Build | Farm |
| 16:44 | Create | Conquistador |
| 16:44 | Create | Conquistador |
| 16:55 | Create | Conquistador |
| 17:04 | Build | Farm |
| 17:19 | Create | Villager (Male) |
| 17:30 | Build | Farm |
| 17:31 | Create | Conquistador |
| 17:48 | Create | Villager (Male) |
| 17:56 | Create | Conquistador |
| 18:01 | Build | Farm |
| 18:13 | Build | Farm |
| 18:26 | Create | Conquistador |
| 18:30 | Build | Farm |
| 18:39 | Build | Farm |
| 18:41 | Create | Villager (Male) |
| 18:56 | Build | Farm |
| 19:03 | Create | Conquistador |
| 19:06 | Create | Villager (Male) |
| 19:21 | Create | Villager (Male) |
| 19:36 | Create | Villager (Male) |
| 19:43 | Create | Petard |
| 19:50 | Build | Farm |
| 19:58 | Create | Villager (Male) |
| 19:58 | Create | Villager (Male) |
| 20:05 | Build | Farm |
| 20:08 | Create | Villager (Male) |
| 20:11 | Create | Petard |
| 20:14 | Create | Villager (Male) |
| 20:30 | Build | Lumber Camp |
| 20:36 | Build | Farm |
| 20:37 | Create | Villager (Male) |
| 20:48 | Create | Conquistador |
| 20:49 | Create | Conquistador |
| 20:53 | Build | Farm |
| 20:56 | Build | Farm |
| 21:12 | Create | Villager (Male) |
| 21:20 | Create | Conquistador |
| 21:24 | Build | Farm |
| 21:24 | Create | Villager (Male) |
| 21:33 | Build | House |
| 21:35 | Build | House |
| 21:37 | Build | House |
| 21:38 | Build | House |
| 22:04 | Create | Villager (Male) |
| 22:04 | Create | Villager (Male) |
| 22:27 | Create | Villager (Male) |
| 22:28 | Create | Villager (Male) |
| 22:43 | Create | Villager (Male) |
| 22:44 | Create | Villager (Male) |
| 22:45 | Create | Villager (Male) |
| 22:48 | Build | Farm |
| 22:49 | Build | Farm |
| 22:52 | Build | Farm |
| 22:54 | Build | Farm |
| 22:56 | Create | Villager (Male) |
| 23:08 | Create | Conquistador |
| 23:08 | Create | Conquistador |
| 23:09 | Create | Conquistador |
| 23:47 | Create | Villager (Male) |
| 23:47 | Create | Villager (Male) |
| 23:51 | Create | Conquistador |
| 23:51 | Create | Conquistador |
| 23:55 | Build | Farm |
| 23:59 | Build | Farm |
| 24:03 | Build | Farm |
| 24:04 | Build | Farm |
| 24:06 | Build | Farm |
| 24:12 | Research | Stone Mining |
| 24:14 | Create | Villager (Male) |
| 24:14 | Create | Villager (Male) |
| 24:32 | Create | Villager (Male) |
| 24:32 | Create | Villager (Male) |
| 24:35 | Create | Conquistador |
| 24:46 | Create | Villager (Male) |
| 24:49 | Create | Conquistador |
| 24:57 | Build | Farm |
| 25:01 | Build | Mill |
| 25:21 | Create | Villager (Male) |
| 25:26 | Build | Barracks |
| 25:31 | Create | Conquistador |
| 25:38 | Build | Mill |
| 25:41 | Build | House |
| 25:42 | Build | House |
| 25:48 | Build | Farm |
| 25:53 | Create | Villager (Male) |
Match timeline
| 5:29 | s56460688 · first_building Barracks |
| 6:55 | Heyfai · wall_segment Palisade Wall x1 |
| 6:57 | Heyfai · wall_segment Palisade Wall x1 |
| 6:59 | Heyfai · wall_segment Palisade Wall x1 |
| 8:35 | s56460688 · wall_segment Palisade Wall x1 |
| 8:51 | s56460688 · age_up feudal |
| 9:40 | Lord Aubergine · first_building Barracks |
| 10:09 | BCPrattIV · age_up feudal |
| 10:17 | _Kev_ · age_up feudal |
| 10:55 | Evan · age_up feudal |
| 11:21 | Lord Aubergine · age_up feudal |
| 11:28 | Lord Aubergine · first_building Stable |
| 11:58 | Heyfai · age_up feudal |
| 12:11 | caterpie · age_up feudal |
| 13:12 | s56460688 · wall_segment Stone Wall x1 |
| 13:12 | s56460688 · wall_segment Stone Wall x1 |
| 13:12 | s56460688 · wall_segment Stone Wall x1 |
| 13:13 | s56460688 · wall_segment Stone Wall x1 |
| 13:13 | s56460688 · wall_segment Stone Wall x1 |
| 13:14 | s56460688 · wall_segment Stone Wall x1 |
| 13:14 | caterpie · first_market_sell 100 wood |
| 13:14 | s56460688 · wall_segment Stone Wall x1 |
| 13:15 | caterpie · first_market_buy 100 food |
| 13:47 | BCPrattIV · age_up castle |
| 13:50 | BCPrattIV · first_building Monastery |
| 14:27 | Evan · age_up castle |
| 14:32 | _Kev_ · age_up castle |
| 14:50 | caterpie · wall_segment Stone Wall x1 |
| 14:54 | caterpie · wall_segment Stone Wall x1 |
| 14:54 | Lord Aubergine · age_up castle |
| 15:10 | Heyfai · age_up castle |
| 15:12 | BCPrattIV · first_market_buy 100 food |
| 15:19 | Nubsinc · first_building Castle |
| 15:49 | Heyfai · first_building Monastery |
| 16:03 | _Kev_ · first_building Monastery |
| 16:06 | caterpie · age_up castle |
| 16:18 | caterpie · wall_segment Stone Wall x1 |
| 16:20 | caterpie · wall_segment Stone Wall x1 |
| 17:04 | caterpie · first_building Monastery |
| 17:35 | _Kev_ · first_building Castle |
| 17:36 | s56460688 · wall_segment Palisade Wall x1 |
| 18:41 | Lord Aubergine · first_market_buy 100 food |
| 19:01 | Nubsinc · first_market_buy 100 wood |
| 19:48 | Evan · first_building Monastery |
| 19:56 | Nubsinc · first_market_sell 100 wood |
| 20:17 | Lord Aubergine · first_building Monastery |
| 20:27 | caterpie · first_building Siege Workshop |
| 20:41 | s56460688 · age_up castle |
| 20:41 | Evan · first_market_sell 100 stone |
| 21:38 | s56460688 · first_building Siege Workshop |
| 21:42 | Heyfai · first_building Siege Workshop |
| 22:57 | Evan · first_building Barracks |
| 23:50 | Evan · first_building Archery Range |
| 23:53 | s56460688 · first_market_buy 100 food |
| 23:54 | Evan · first_building Stable |
| 24:54 | s56460688 · first_market_sell 100 wood |
| 25:09 | BCPrattIV · first_market_sell 100 food |
| 25:26 | Nubsinc · first_building Barracks |
| 25:38 | BCPrattIV · first_building Barracks |
| 26:13 | Evan · first_building Siege Workshop |
| 26:28 | caterpie · first_building Castle |
| 26:31 | Lord Aubergine · first_market_sell 100 food |
| 26:51 | Evan · age_up imperial |
| 26:58 | Lord Aubergine · first_building Archery Range |
| 27:14 | BCPrattIV · first_building Archery Range |
| 27:39 | caterpie · wall_segment Stone Wall x1 |
| 27:43 | Heyfai · first_building Castle |
| 28:02 | Heyfai · first_building Stable |
| 28:12 | _Kev_ · first_market_buy 100 food |
| 28:17 | Lord Aubergine · first_building Siege Workshop |
| 28:20 | s56460688 · first_building Monastery |
| 28:29 | BCPrattIV · age_up imperial |
| 29:20 | Nubsinc · first_building Stable |
| 29:29 | _Kev_ · first_building Barracks |
| 29:42 | Lord Aubergine · age_up imperial |
| 29:55 | Heyfai · age_up imperial |
| 30:19 | caterpie · first_building Barracks |
| 30:27 | BCPrattIV · first_building Castle |
| 30:44 | s56460688 · first_building Castle |
| 30:52 | caterpie · first_building Archery Range |
| 31:22 | Nubsinc · first_building Siege Workshop |
| 31:38 | BCPrattIV · first_building Siege Workshop |
| 31:50 | Nubsinc · first_building Monastery |
| 32:03 | Lord Aubergine · first_building Castle |
| 32:22 | _Kev_ · age_up imperial |
| 32:51 | s56460688 · age_up imperial |
| 33:04 | caterpie · age_up imperial |
| 33:52 | Evan · first_building Castle |
| 34:13 | Lord Aubergine · wall_segment Stone Wall x5 |
| 35:10 | Lord Aubergine · wall_segment Stone Wall x5 |
| 35:27 | Nubsinc · first_building Archery Range |
| 35:52 | Lord Aubergine · wall_segment Stone Wall x1 |
| 35:54 | Lord Aubergine · wall_segment Stone Wall x1 |
| 36:07 | Lord Aubergine · wall_segment Stone Wall x4 |
| 37:49 | s56460688 · first_building Stable |
| 38:08 | Nubsinc · resign |
[ AI ANALYSIS · 1 CREDIT ]
What really happened in this match?
Wolo.gg analyzes every decision: build order, eco, micro, common mistakes by bracket. Personalized analysis on WhatsApp or Discord in 30 seconds.
Civ guide
Goths
Perfil
Jugador #463178